 Dungeon Crawl Stone Soup version 0.17.1-1-g73c8601 (webtiles) character file.

42 Andry07 the Skirmisher (level 3, 0/20 HPs)
             Began as a Vine Stalker Fighter on Jan 1, 2016.
             Slain by Crazy Yiuf
             ... wielding a +3 quarterstaff of chaos
              (2 damage)
             ... while paralysed by Crazy Yiuf
             ... on level 2 of the Dungeon.
             The game lasted 00:01:38 (1088 turns).

Andry07 the Skirmisher (Vine Stalker Fighter)       Turns: 1088, Time: 00:01:38

Health: 0/20       AC:  6    Str: 19    XL:     3   Next: 56%
Magic:  0/4        EV:  2    Int:  8    God:
Gold:   100        SH:  0    Dex: 13    Spells: 0 memorised, 2 levels left

rFire  . . .     SeeInvis .     a - +0 flail
rCold  . . .     Clarity  .     b - +0 scale mail
rNeg   . . .     SustAt   .     c - +0 shield
rPois  .         Gourm    .     (no helmet)
rElec  .         Spirit   +     (no cloak)
rCorr  .         Warding  .     (no gloves)
rMut   .         Stasis   .     (no boots)
MR     .....                    (no amulet)
Stlth  ..........               (no ring)
                                (no ring)

@: confused, paralysed, lethally poisoned (0 -> -3), very slightly contaminated,
drained, invisible (expiring), not resistant to hostile enchantments, extremely
unstealthy
A: fangs 2, regeneration 1, magic shield, antimagic bite, no device heal 3, rot
immunity
a: no special abilities


You were on level 2 of the Dungeon.
You were hungry.

You visited 1 branch of the dungeon, and saw 2 of its levels.

You collected 100 gold pieces.

Inventory:

Hand Weapons
 a - a +0 flail (weapon)
Armour
 b - a +0 scale mail (worn)
 c - a +0 shield (worn)
Jewellery
 g - a +4 ring of intelligence {unknown}
Scrolls
 f - 2 scrolls of amnesia {unknown}
 h - 2 scrolls of enchant armour {unknown}
 i - a scroll of random uselessness {unknown}
 j - a scroll of enchant weapon {unknown}
 k - a scroll of remove curse {unknown}
 l - 4 scrolls of identify {unknown}
 n - a scroll of teleportation {unknown}
 r - 2 scrolls of magic mapping {unknown}
 s - a scroll of fear {unknown}
 t - a scroll of blinking {unknown}
Potions
 d - 2 potions of might
 p - a potion of haste {unknown}
 q - a potion of heal wounds {unknown}
 v - a potion of brilliance {unknown}
Comestibles
 e - 3 bread rations
 m - a slice of pizza
 o - 2 meat rations
 u - a beef jerky
 w - a royal jelly


   Skills:
 + Level 3.1(2.6) Fighting
 + Level 2.6(2.1) Maces & Flails
 - Level 2.4(1.9) Armour
 + Level 3.1(2.6) Shields


You had 2 spell levels left.
You didn't know any spells.

Dungeon Overview and Level Annotations

Branches:
Dungeon (2/15)

Altars:
Ru

Annotations:
D:2 Crazy Yiuf


Innate Abilities, Weirdness & Mutations

You have extremely sharp teeth.
Your natural rate of healing is unusually fast.
When hurt, damage is shared between your health and your magic reserves.
Your bite disrupts and absorbs the magic of your enemies.
Potions and wands cannot restore your health.
You are immune to rotting.


Message History

Crazy Yiuf zaps a wand.
You are more confused.
You bump into the rock wall.
Crazy Yiuf zaps a wand.
You resist with some effort.
You miss Crazy Yiuf. You bite Crazy Yiuf, but do no damage.
Crazy Yiuf is severely wounded.
You flicker for a moment.
Crazy Yiuf zaps a wand.
Nothing appears to happen.
Crazy Yiuf grits, "Trifle song snail!"
Crazy Yiuf hits you with a quarterstaff of chaos!
* * * LOW HITPOINT WARNING * * *
You suddenly lose the ability to move!
Crazy Yiuf hits you with a quarterstaff of chaos.
* * * LOW HITPOINT WARNING * * *
You are lethally poisoned!
* * * LOW HITPOINT WARNING * * *
You feel sick.
Crazy Yiuf yells, "Hack!"
Crazy Yiuf hits you with a quarterstaff of chaos.
You die...

####.# #.##### ### ##
#....# #.# # #.####
##.# # #.# #..##♣♣ ###
# #.# #....P♣♣ #..)# #
#.# #.....P♣♣♣♣.g.g.# #
#.# #.......♣..♣ # #.#
#g#..P.♣.♣♣♣ #
######.#######.@##♣♣♣♣♣
# #.....†.....##### #
#.####.####.# ### ####
#.# #.# #.# #.# #...
#.# #.# #.# #.# #.##
#.# #.# #.# #.# #.# #.#
##.# #.# #.# #.# #.#
#..# #.# ##.###.# #.#
#.##
#.############...##.#


You could see Crazy Yiuf.

Vanquished Creatures
  An adder (D:2)
  An ooze (D:1)
  A worm (D:2)
  A giant cockroach (D:1)
  4 hobgoblins
  2 jackals (D:1)
  5 kobolds
  4 bats
  A giant newt (D:1)
  3 goblins (D:2)
  3 rats (D:2)
26 creatures vanquished.

Notes
Turn   | Place    | Note
--------------------------------------------------------------
     0 | D:1      | Andry07 the Vine Stalker Fighter began the quest for the Orb.
     0 | D:1      | Reached XP level 1. HP: 11/11 MP: 2/2
   180 | D:1      | Reached XP level 2. HP: 14/16 MP: 3/3
   246 | D:1      | Reached skill level 3 in Fighting
   650 | D:2      | Reached XP level 3. HP: 20/20 MP: 4/4
   856 | D:2      | Found a sacrificial altar of Ru.
  1050 | D:2      | Noticed Crazy Yiuf
  1086 | D:2      | Paralysed by Crazy Yiuf for 3 turns
  1088 | D:2      | Slain by Crazy Yiuf

Action                   || total
-------------------------++-------
Melee: Flail             ||    90
